 Dungeon Crawl Stone Soup version 0.25-a0-310-g60f0ac2d9a (webtiles) character file.

Game seed: 8453257606715640382, levelgen mode: classic

2182 Borgoz the Slicer (level 9, -9/56 HPs)
             Began as a Kobold Gladiator on Dec 23, 2019.
             Was a Follower of Okawaru.
             Engulfed by a cloud of freezing vapour (11 damage)
             ... on level 4 of the Dungeon.
             The game lasted 00:09:39 (6399 turns).

Borgoz the Slicer (Kobold Gladiator)                Turns: 6399, Time: 00:09:39

Health: -9/56      AC: 11    Str: 30    XL:     9   Next: 59%
Magic:  11/11      EV: 18    Int:  9    God:    Okawaru [*.....]
Gold:   375        SH:  0    Dex: 13    Spells: 5/8 levels left

rFire    + . .     SeeInvis .   b - +8 short sword of Tucvosud {venom, +Fly MR- Str+10 Dex-3}
rCold    + . .     Gourm    .   (shield restricted)
rNeg     . . .     Faith    .   q - +1 leather armour of the Depths {Str+2 Stlth+}
rPois    +         Spirit   .   c - +1 helmet
rElec    +         Reflect  .   e - +2 cloak
rCorr    +         Harm     .   (no gloves)
MR       .....                  p - +0 pair of boots
Stlth    ++++......             i - amulet of rage
HPRegen  0.18/turn              (no ring)
MPRegen  0.12/turn              n - +3 ring of strength

@: resistant
A: small, carnivore
a: Heroism, Renounce Religion, Evoke Berserk Rage, Evoke Flight


You were on level 4 of the Dungeon.
You worshipped Okawaru.
Okawaru was aware of your devotion.
You were completely stuffed.

You visited 2 branches of the dungeon, and saw 9 of its levels.

You collected 375 gold pieces.

Inventory:

Hand Weapons
 a - a +0 rapier of protection
 b - the +8 short sword of Tucvosud (weapon) {venom, +Fly MR- Str+10 Dex-3}
   (You found it on level 5 of the Dungeon)

   It poisons the flesh of those it strikes.
   It affects your strength (+10).
   It affects your dexterity (-3).
   It affects your resistance to hostile enchantments.
   It lets you fly.
Missiles
 d - 5 throwing nets (quivered)
Armour
 c - a +1 helmet (worn)
 e - a +2 cloak (worn)
 p - a +0 pair of boots (worn)
 q - the +1 leather armour of the Depths (worn) {Str+2 Stlth+}
   (You found it on level 6 of the Dungeon)

   It affects your strength (+2).
   It makes you more stealthy.
Jewellery
 i - an amulet of rage (around neck)
 n - a +3 ring of strength (right hand)
 u - an uncursed ring of wizardry {unknown}
 z - an uncursed ring of magical power {unknown}
Wands
 o - a wand of flame (9)
 x - a wand of paralysis (5)
Scrolls
 k - a scroll of remove curse
 m - 5 scrolls of amnesia
 r - a scroll of immolation {unknown}
 s - 2 scrolls of enchant weapon {unknown}
 t - 4 scrolls of teleportation
 v - a scroll of fog {unknown}
 y - a scroll of enchant armour
Potions
 g - 3 potions of flight
 h - 2 potions of curing
 j - a potion of heal wounds
 l - a potion of brilliance
Comestibles
 f - 22 rations


   Skills:
 * Level 6.3 Fighting
 * Level 8.2 Short Blades
 - Level 2.1 Throwing
 * Level 4.4 Armour
 * Level 7.5 Dodging
 + Level 4.8 Stealth
 + Level 3.9 Evocations


You had 5 spell levels left.
You knew the following spells:

 Your Spells              Type           Power        Failure   Level  Hunger
a - Confuse               Hex            #.......     80%         3    ####...

Your spell library contained the following spells:

 Spells                   Type           Power        Failure   Level  Hunger
 Corona                   Hex            #......      41%         1    ##.....
 Freeze                   Ice            #...         41%         1    ##.....
 Magic Dart               Conj           #...         41%         1    ##.....
 Blink                    Tloc           N/A          56%         2    ###....
 Call Imp                 Summ           #.......     56%         2    ###....
 Ensorcelled Hibernation  Hex/Ice        #.....       56%         2    ###....
 Slow                     Hex            #.......     56%         2    ###....
 Conjure Flame            Conj/Fire      #.......     80%         3    ####...
 Dazzling Flash           Conj/Hex       #.....       80%         3    ####...
 Mephitic Cloud           Conj/Pois/Air  #.......     80%         3    ####...
 Ozocubu's Armour         Chrm/Ice       #.......     80%         3    ####...
 Tukima's Dance           Hex            #.......     80%         3    ####...
 Hailstorm                Conj/Ice       #.......     99%         4    #####..
 Summon Ice Beast         Ice/Summ       #.......     99%         4    #####..


Dungeon Overview and Level Annotations

Branches:
Dungeon (8/15)             Temple (1/1) D:5
   Lair: D:8-11

Altars:
Ashenzari
Cheibriados
Dithmenos
Elyvilon
Fedhas
Gozag
Hepliaklqana
Kikubaaqudgha
Makhleb
Nemelex Xobeh
Okawaru
Qazlal
Ru
Sif Muna
Trog
Uskayaw
Vehumet
Wu Jian
Xom
Yredelemnul
Zin
The Shining One

Annotations:
D:4 1 transporter


Innate Abilities, Weirdness & Mutations

You are small and have problems with some larger weapons.
You are carnivorous and can eat meat at any time.


Message History

You closely miss the ice beast.
The ice beast is severely wounded.
The ice beast misses you.
You puncture the ice beast!
You kill the ice beast!
Okawaru accepts your kill.
Really walk into that cloud of freezing vapour?
Okay, then.
Really walk into a travel-excluded area?
You are engulfed in freezing vapours.
You resist.
* * * LOW HITPOINT WARNING * * *
There is an open gate here.
You are engulfed in freezing vapours.
You resist.
* * * LOW HITPOINT WARNING * * *
Really walk into that cloud of freezing vapour?
Okay, then.
You are engulfed in freezing vapours.
You resist.
* * * LOW HITPOINT WARNING * * *
You are engulfed in freezing vapours.
You resist.
You die...

#.....#°○°☼°°.#....#.........
##.###.#☼○☼°○○°#..............
#..# #.#○☼#©#○☼#..............
#..###.#°°....☼#....#.......(.
####......#°○#.#.○#..............
......###.#°°....○#....#.........
.........####°○°####........<...#
.####.####☼○☼○○☼°°○#..######...##
.####....#○○°○°○@○☼#### ##.###.
..##.....#.○○...☼○☼# ##..# #.
...#.....#°○○$?$○○○# ###..## #.
.#.##...>#°☼○$©=°°○# #...## ##.
.#.......########### #.### #..
.#............©..#.#####.# #.#
........†.###....#..##...### ##.#
..........####...##........###..#
...............###...#####..##.##


There were no monsters in sight!

Vanquished Creatures
  Sigmund (D:4)
  Eustachio (D:5)
  A water moccasin (D:7)
  3 ice beasts
  A phantom (D:3)
  4 ogres (D:7)
  2 centaurs
  A bullfrog (D:6)
  A wyvern skeleton (D:7)
  A scorpion (D:6)
  2 howler monkeys
  A crimson imp (D:7)
  3 hounds
  2 jellies
  An orc priest (D:6)
  2 centaur skeletons
  An orc wizard (D:6)
  2 iguanas
  A worker ant (D:4)
  A hound skeleton (D:6)
  A hound zombie (D:6)
  A howler monkey zombie (D:7)
  5 gnolls
  8 adders
  A shadow imp (D:7)
  An ooze (D:3)
  3 worms
  2 dart slugs
  A leopard gecko (D:2)
  23 orcs
  6 giant cockroaches
  8 goblins
  9 hobgoblins
  16 jackals
  7 kobolds
  2 quokkas
  6 bats
  6 frilled lizards
  2 jackal skeletons
  A leopard gecko zombie (D:6)
  7 rats
148 creatures vanquished.

Notes
Turn   | Place    | Note
-------+----------+-------------------------------------------
     0 | D:1      | Borgoz the Kobold Gladiator began the quest for the Orb.
     0 | D:1      | Reached XP level 1. HP: 12/12 MP: 1/1
   183 | D:1      | Reached XP level 2. HP: 17/18 MP: 2/2
   519 | D:1      | Reached XP level 3. HP: 6/22 MP: 3/3
  1049 | D:1      | Reached skill level 1 in Armour
  1235 | D:2      | Reached XP level 4. HP: 28/28 MP: 4/4
  1855 | D:2      | Reached XP level 5. HP: 25/32 MP: 5/5
  2113 | D:3      | Reached skill level 5 in Short Blades
  2210 | D:3      | Noticed a phantom
  2278 | D:3      | Killed a phantom
  2278 | D:3      | Reached skill level 1 in Stealth
  2278 | D:3      | Reached skill level 1 in Evocations
  2278 | D:3      | Reached XP level 6. HP: 21/38 MP: 6/6
  2407 | D:3      | Found a shadowy altar of Dithmenos.
  2748 | D:4      | Noticed Sigmund
  2816 | D:5      | Entered Level 5 of the Dungeon
  2825 | D:5      | Reached skill level 5 in Dodging
  2927 | D:5      | Noticed Eustachio
  2939 | D:5      | Killed Eustachio
  2939 | D:5      | Reached XP level 7. HP: 43/43 MP: 6/8
  3204 | D:5      | Found a staircase to the Ecumenical Temple.
  3222 | D:5      | Reached skill level 6 in Short Blades
  3231 | Temple   | Entered the Ecumenical Temple
  3236 | Temple   | Learned a level 3 spell: Confuse
  3417 | D:5      | Found a radiant altar of Vehumet.
  3560 | D:5      | Got a pitted short sword
  3561 | D:5      | Identified the +8 short sword of Tucvosud {venom, +Fly MR-
                  | Str+10 Dex-3} (You found it on level 5 of the Dungeon)
  3886 | D:6      | Reached XP level 8. HP: 12/48 MP: 9/9
  3919 | D:6      | Got a slimy leather armour
  4094 | D:6      | Identified the cursed +1 leather armour of the Depths
                  | {Str+2 Stlth+} (You found it on level 6 of the Dungeon)
  4484 | D:6      | Reached skill level 5 in Fighting
  5080 | D:7      | Reached skill level 7 in Short Blades
  5103 | D:7      | Found a glowing golden altar of the Shining One.
  5117 | D:7      | Found a blossoming altar of Fedhas.
  5120 | D:7      | Found a burning altar of Makhleb.
  5123 | D:7      | Found an iron altar of Okawaru.
  5198 | D:7      | Became a worshipper of Warmaster Okawaru
  5484 | D:7      | Reached XP level 9. HP: 47/55 MP: 11/11
  5648 | D:7      | Reached * piety under Okawaru
  6030 | D:4      | Found a transporter.
  6187 | D:4      | Killed Sigmund
  6187 | D:4      | Reached skill level 8 in Short Blades
  6309 | D:4      | Found a transporter.
  6398 | D:4      | HP: 2/56 [something (7)]
  6399 | D:4      | Engulfed by a cloud of freezing vapour

Levels and vault maps discovered:
D:1:      lightli_arrival_boilingwater, layout_loops_ring
D:2:      layout_rooms, first_ration
D:3:      layout_rooms, nicolae_dithmenos_shadow_blocks
D:4:      gammafunk_cloud_chamber, layout_rooms, uniq_sigmund
D:5:      layout_rooms, minmay_temple_entry_offerings, grunt_ministairs_5,
          vehumet_altar_wand_db, uniq_eustachio
D:6:      hangedman_cross_stitches, layout_layer_cave, small_statue_intersection
D:7:      layout_basic, grunt_temple_overflow_cloverleaf,
          chequers_serial_rivers_large_a, grunt_ogre_cave
D:8:      layout_rooms, serial_shops, shop, uniq_maurice, uniq_joseph,
          uniq_psyche
Temple:   regret_index_temple_sphere_string

Skill      XL: |  1  2  3  4  5  6  7  8  9 |
---------------+----------------------------+-----
Dodging        | 4 5 6 7 |  7.5
Armour         | 1 2 3 4 |  4.4
Fighting       | 3 4 5 6 |  6.3
Short Blades   | 5 6 7 8 |  8.2
Stealth        | 1 2 4 |  4.8
Evocations     | 1 2 3 |  3.9
Throwing       | |  2.1

Action                   |  1- 3 |  4- 6 |  7- 9 || total
-------------------------+-------+-------+-------++-------
Melee: Rapier            |   111 |   166 |    35 ||   312
       Short sword       |       |       |   162 ||   162
 Abil: Evoke Berserk Rag |       |     3 |     1 ||     4
  Use: Scroll            |       |     4 |     5 ||     9
       Potion            |       |       |     5 ||     5
 Stab: Sleeping          |     2 |       |    12 ||    14
       Distracted        |       |       |     2 ||     2
  Eat: Chunk             |    10 |     7 |    13 ||    30
Armor: Leather armour    |    22 |    32 |    35 ||    89
Dodge: Dodged            |    97 |   134 |   158 ||   389

Table legend:
 A = Non-vault XP
 B = Vault XP
 C = Vault XP percentage of total XP
 D = Non-vault monster count
 E = Vault monster count
 F = Vault count percentage of total count
                 A         B        C        D         E       F
            +---------+---------+-------+---------+---------+-------
      Total |    2117 |    1001 |  32.1 |     129 |      19 |  12.8
            +---------+---------+-------+---------+---------+-------
        D:1 |      59 |       0 |   0.0 |      34 |       0 |   0.0
        D:2 |      96 |       0 |   0.0 |      26 |       0 |   0.0
        D:3 |     163 |       0 |   0.0 |      10 |       0 |   0.0
        D:4 |     111 |     501 |  81.9 |       5 |       3 |  37.5
        D:5 |     158 |     257 |  61.9 |      10 |       6 |  37.5
        D:6 |     588 |     125 |  17.5 |      25 |       9 |  26.5
        D:7 |     832 |     118 |  12.4 |      18 |       1 |   5.3
        D:8 |     110 |       0 |   0.0 |       1 |       0 |   0.0
            +---------+---------+-------+---------+---------+-------
